 Dungeon Crawl Stone Soup version 0.22.0-27-ga576289 (webtiles) character file.

296 Loudmushroom the Chopper (level 6, -1/56 HPs)
             Began as a Minotaur Fighter on Aug 21, 2018.
             Slain by Eustachio
             ... wielding a +0 rapier
              (8 damage)
             ... on level 4 of the Dungeon.
             The game lasted 00:35:40 (3250 turns).

Loudmushroom the Chopper (Minotaur Fighter)         Turns: 3250, Time: 00:35:41

Health: -1/56      AC:  7    Str: 21      XL:     6   Next: 12%
Magic:  5/5        EV:  7    Int:  5      God:
Gold:   296        SH:  9    Dex: 10 (11) Spells: 5/5 levels left

rFire    . . .     SeeInvis .   a - +0 war axe
rCold    . . .     Gourm    .   c - +0 shield
rNeg     . . .     Faith    .   q - +0 scale mail
rPois    .         Spirit   .   (helmet restricted)
rElec    .         Reflect  .   (no cloak)
rCorr    .         Harm     .   (no gloves)
MR       .....                  (no boots)
Stlth    ..........             (no amulet)
HPRegen  0.18/turn              (no ring)
MPRegen  0.09/turn              (no ring)

@: no status effects
A: retaliatory headbutt, horns 2
a: no special abilities


You were on level 4 of the Dungeon.
You were not hungry.

You visited 1 branch of the dungeon, and saw 4 of its levels.

You collected 296 gold pieces.

Inventory:

Hand Weapons
 a - a +0 war axe (weapon)
 b - a +0 hunting sling
 x - a +0 blowgun
 y - a +0 mace
Missiles
 h - 138 stones
 i - 50 arrows
 l - 31 bolts
 m - 4 javelins (quivered)
 p - 6 needles of sleeping
 u - 24 poisoned needles
 w - 4 tomahawks
 B - 15 sling bullets
Armour
 c - a +0 shield (worn)
 q - a +0 scale mail (worn)
Jewellery
 E - an uncursed amulet of the acrobat {unknown}
Wands
 r - a wand of flame (18)
Scrolls
 e - 7 scrolls of identify {unknown}
 g - a scroll of magic mapping {unknown}
 j - 2 scrolls of blinking {unknown}
 n - 2 scrolls of amnesia {unknown}
 o - a scroll of enchant weapon {unknown}
 t - a scroll of enchant armour {unknown}
 v - 2 scrolls of fog {unknown}
 C - a scroll of remove curse {unknown}
Potions
 d - 2 potions of might
 k - a potion of heal wounds {unknown}
 s - a potion of flight {unknown}
 z - 2 potions of degeneration {unknown}
 A - a potion of ambrosia {unknown}
 F - a potion of invisibility {unknown}
Comestibles
 f - 4 rations
 D - 9 chunks of flesh


   Skills:
 + Level 5.0 Fighting
 * Level 5.2 Axes
 + Level 4.8 Armour
 + Level 4.9 Shields


You had 5 spell levels left.
You didn't know any spells.
Your spell library contained the following spells:

 Spells                   Type           Power        Failure   Level  Hunger
 Animate Skeleton         Necr           N/A          99%         1    ##.....
 Apportation              Tloc           #.....       99%         1    ##.....
 Confusing Touch          Hex            #.....       99%         1    ##.....
 Summon Small Mammal      Summ           #...         99%         1    ##.....


Dungeon Overview and Level Annotations

Branches:
Dungeon (4/15)
 Temple: D:4-7

Altars:
Cheibriados
The Shining One

Portals:
Ossuary: D:4

Annotations:
D:4 Eustachio


Innate Abilities, Weirdness & Mutations

You reflexively headbutt those who attack you in melee.
You have a pair of horns on your head.


Message History

The quasit claws you but does no damage.
The crimson imp hits you but does no damage.
The shadow imp hits you but does no damage.
You miss Eustachio.
Eustachio is severely wounded.
You hit the shadow imp.
You kill the shadow imp!
Your shield prevents you from hitting the quasit.
You closely miss the crimson imp. The quasit bites you.
* * * LOW HITPOINT WARNING * * *
The quasit claws you.
* * * LOW HITPOINT WARNING * * *
The quasit barely misses you. You block Eustachio's attack.
You block the crimson imp's attack.
The quasit bites you but does no damage.
The quasit claws you.
* * * LOW HITPOINT WARNING * * *
The quasit claws you but does no damage.
Eustachio hits you with a rapier!
You die...

..# #. #.# # #.##.##.#
#.......# #.#.# #.#.##
# #.#..#.# #.##.#>##
##.r5@...# .
#...5@§..# ...
#..##.#..#
.....####..#..#..#
.......[)....##..#
##.##.###....#.'####
#.##.###......#...#...
#.......##..###.>.#.∩.
######.##.##..#
#...#...


You could see Eustachio, a quasit, a crimson imp and a rat.

Vanquished Creatures
  2 orc wizards (D:3)
  2 orc priests
  An iguana (D:4)
  Ijyb (D:3)
  A bullfrog skeleton (D:4)
  4 adders
  An ooze (D:1)
  A dart slug (D:1)
  A leopard gecko (D:2)
  5 orcs
  A ball python (D:3)
  6 bats
  4 giant cockroaches
  4 hobgoblins
  6 jackals
  2 quokkas
  4 frilled lizards
  4 goblins
  10 kobolds
  7 rats
67 creatures vanquished.

Notes
Turn   | Place    | Note
-------+----------+-------------------------------------------
     0 | D:1      | Loudmushroom the Minotaur Fighter began the quest for the Orb.
     0 | D:1      | Reached XP level 1. HP: 19/19 MP: 0/0
    86 | D:1      | Reached XP level 2. HP: 27/27 MP: 1/1
   697 | D:2      | Reached XP level 3. HP: 31/33 MP: 2/2
  1295 | D:2      | Found a glowing golden altar of the Shining One.
  1748 | D:3      | Noticed Ijyb
  1758 | D:3      | Killed Ijyb
  1758 | D:3      | Reached XP level 4. HP: 34/40 MP: 3/3
  2101 | D:3      | Found a snail-covered altar of Cheibriados.
  2353 | D:3      | Reached XP level 5. HP: 27/47 MP: 4/4
  3099 | D:4      | Found a sand-covered staircase.
  3105 | D:4      | Reached skill level 5 in Axes
  3194 | D:4      | Reached XP level 6. HP: 55/55 MP: 5/5
  3199 | D:4      | Reached skill level 5 in Fighting
  3218 | D:4      | Noticed Eustachio
  3250 | D:4      | Slain by Eustachio

Skill      XL: |  1  2  3  4  5  6 |
---------------+-------------------+-----
Axes           | 3 4 5 |  5.2
Fighting       | 4 5 |  5.0
Armour         | 4 |  4.8
Shields        | 4 |  4.9

Action                   |  1- 3 |  4- 6 || total
-------------------------+-------+-------++-------
Melee: War axe           |    79 |   108 ||   187
       Headbutt          |    11 |    15 ||    26
  Eat: Chunk             |     3 |     5 ||     8
Armor: Scale mail        |    37 |    74 ||   111
Dodge: Dodged            |    19 |    53 ||    72
Block: Shield            |    42 |    77 ||   119
